[Event "1st Bella Italia International 2022"]
[Site "Lignano"]
[Date "2022.08.22"]
[Round "8.13"]
[White "Massironi, Marco"]
[Black "Urbani, Gabriel"]
[Result "1/2-1/2"]
[ECO "C54"]
[WhiteElo "2200"]
[BlackElo "2046"]
[Annotator "TA"]
[PlyCount "106"]
[EventDate "2022.08.18"]
[EventCountry "ITA"]
[SourceTitle "playchess.com"]
[Source "ChessBase"]
[SourceQuality "1"]
[TimeControl "5400+30"]

1. e4 e5 2. Nf3 Nc6 3. Bc4 Bc5 4. c3 Nf6 5. d4 exd4 6. e5 d5 7. Bb5 Ne4 8. cxd4 Bb6 9. Nc3 O-O 10. Be3 {[%emt 0:00:16] C54: Giuoco Piano: 4 c3 Nf6, main lines with 5 d4 and 5 d3.} Nxc3 11. bxc3 f6 12. exf6 {[%emt 0:02:24] White has an edge.} (12. Bxc6 $5 bxc6 13. Qa4 $11) 12... Qxf6 13. O-O Bg4 14. Be2 Bxf3 15. Bxf3 Ne7 16. Qd2 {[%emt 0:10:30] [#]} c6 $146 ({Predecessor:} 16... Qg6 17. Bf4 c6 18. Rae1 Rae8 19. Bd1 Nf5 20. Bc2 Qf7 21. Qd3 g6 22. Be5 Bc7 {½-½ (60) Paszewski,M (2342)-Marszalek,M (2280) Krakow 2019}) 17. Bg5 Qd6 18. Rfe1 Ng6 {[%emt 0:03:29] [#] aiming for ...Bc7.} 19. Bg4 {[%emt 0:01:30] This bishop pair is nice.} Rae8 {[%emt 0:10:39] Prevents Re6.} 20. Rxe8 Rxe8 21. Re1 Rxe1+ 22. Qxe1 Kf7 {[%emt 0:03:40] Inhibits Qe8+.} 23. Qb1 Nf8 24. Qf5+ Kg8 25. h4 h6 26. Bf4 Qe7 27. g3 Bc7 28. Be3 (28. Bd2 $16) 28... Bxg3 $1 $11 29. h5 Bd6 30. Qc8 Qf7 31. a4 Bf4 32. Bxf4 Qxf4 {[%emt 0:00:01][%mdl 4096] Endgame KQB-KQN} 33. Be6+ Kh8 34. Bf5 Kg8 35. Be6+ Kh8 36. Bf5 Qg5+ 37. Kf1 Qe7 38. a5 a6 39. Qb8 {[%emt 0:07:07][%mdl 1024] White has compensation.} Qa3 (39... Kg8 $11) 40. Kg2 (40. Qxb7 $16 Qxa5 41. Qc8 (41. Qxc6 Qd8 $16) 41... Qa1+ 42. Kg2) 40... Qe7 {[%emt 0:00:23] ...Qg5+ is the strong threat.} 41. Bc8 Qg5+ 42. Qg3 {[%emt 0:00:43] Hoping for Qxg5.} Qe7 43. Qe5 Qf7 44. Qb8 ({White should play} 44. Qf5 $16 Qe7 {[#]} 45. Bxb7 $1 Qxb7 46. Qxf8+ Kh7 47. Qf5+ Kg8 48. Qg4) 44... Qxh5 {[%emt 0:00:48] The position is equal.} 45. Bxb7 {[%emt 0:00:06] Active counter play!} Qg4+ 46. Qg3 Qe4+ 47. Kh2 Ne6 48. Bxa6 {[%emt 0:02:09] Black must now prevent Bd3.} Ng5 49. Bb7 Nf3+ 50. Kh3 Ng5+ 51. Kh2 Nf3+ 52. Kh3 Ng5+ 53. Kh2 Nf3+ {[%emt 0:02:15] Weighted Error Value: White=0.10 (very precise) /Black=0.12 (very precise)} 1/2-1/2

[Event "1st Bella Italia International 2022"]
[Site "Lignano"]
[Date "2022.08.22"]
[Round "8.14"]
[White "Arana Garate, Jon"]
[Black "Titze, Leo"]
[Result "1/2-1/2"]
[ECO "D02"]
[WhiteElo "1933"]
[BlackElo "2071"]
[Annotator "NA RC"]
[PlyCount "38"]
[EventDate "2022.08.18"]
[EventCountry "ITA"]
[SourceTitle "playchess.com"]
[Source "ChessBase"]
[SourceQuality "1"]
[TimeControl "5400+30"]

1. d4 Nf6 2. Bf4 d5 3. e3 c5 4. c3 e6 5. Nd2 Nc6 6. Ngf3 Bd6 7. Bg3 Qe7 8. Ne5 O-O 9. Bd3 Nd7 10. Nxd7 Qxd7 11. Bxd6 Qxd6 12. dxc5 Qxc5 13. Bxh7+ Kxh7 14. Qh5+ Kg8 15. Ne4 g6 16. Qg5 Qe7 17. Nf6+ Kg7 18. Nh5+ Kg8 19. Nf6+ Kg7 1/2-1/2

[Event "1st Bella Italia International 2022"]
[Site "Lignano"]
[Date "2022.08.22"]
[Round "8.15"]
[White "Perossa, Nicolas"]
[Black "Della Pietra, Andrea"]
[Result "1-0"]
[ECO "C10"]
[WhiteElo "2107"]
[BlackElo "2172"]
[Annotator "RC"]
[PlyCount "68"]
[EventDate "2022.08.18"]
[EventCountry "ITA"]
[SourceTitle "playchess.com"]
[Source "ChessBase"]
[SourceQuality "1"]
[TimeControl "5400+30"]

1. e4 e6 2. d4 d5 3. Nc3 Nc6 4. e5 f6 5. Bb5 Bd7 6. Nh3 Qe7 7. O-O O-O-O 8. Rb1 Qf7 9. Bxc6 Bxc6 10. b4 Be8 11. a4 Ne7 12. b5 Qh5 13. Qe1 fxe5 14. dxe5 d4 15. Ne4 Qxe5 16. Bf4 Qf5 17. Ng3 Qd5 18. c4 dxc3 19. Qxc3 Qd7 20. Qa5 Nd5 21. Qxa7 Qf7 22. Be3 Bd6 23. a5 Kd7 24. Qxb7 Ke7 25. Rfe1 h6 26. Bg5+ hxg5 27. Qxd5 Bf4 28. Qc5+ Kf6 29. Nxg5 Bxg3 30. Nxf7 Bxh2+ 31. Kf1 Bxf7 32. g3 Rd5 33. Qc3+ Kg6 34. Rb4 Rg5 1-0

[Event "1st Bella Italia International 2022"]
[Site "Lignano"]
[Date "2022.08.22"]
[Round "8.16"]
[White "Haller, Quentin"]
[Black "Cristiani, Cesare"]
[Result "0-1"]
[ECO "A45"]
[WhiteElo "1995"]
[BlackElo "2006"]
[Annotator "NA RC"]
[PlyCount "98"]
[EventDate "2022.08.18"]
[EventCountry "ITA"]
[SourceTitle "playchess.com"]
[Source "ChessBase"]
[SourceQuality "1"]
[TimeControl "5400+30"]

1. d4 Nf6 2. Bg5 c5 3. Bxf6 gxf6 4. d5 Qb6 5. Qc1 f5 6. c4 Bg7 7. Nc3 d6 8. e3 Nd7 9. Nf3 Ne5 10. Qc2 Bd7 11. Nxe5 Bxe5 12. f4 Bf6 13. Bd3 e6 14. O-O-O Qa5 15. e4 Bxc3 16. Qxc3 Qxc3+ 17. bxc3 fxe4 18. Bxe4 O-O-O 19. dxe6 Bxe6 20. Bd5 Kc7 21. Rhe1 Rhe8 22. h3 Bxd5 23. cxd5 b5 24. g4 c4 25. g5 Kb6 26. h4 Kc5 27. h5 a5 28. a3 b4 29. axb4+ axb4 30. cxb4+ Kxb4 31. Kc2 Kc5 32. f5 Rxe1 33. Rxe1 Kxd5 34. Re7 Rg8 35. Rxf7 Rxg5 36. h6 Kd4 37. Rxh7 Rxf5 38. Rg7 Rf2+ 39. Kd1 Rh2 40. h7 d5 41. Rg4+ Kc5 42. Rg7 c3 43. Ke1 Kc4 44. Kd1 d4 45. Rf7 Rh1+ 46. Ke2 d3+ 47. Ke3 d2 48. Rd7 Kb3 49. Ke2 Kc2 0-1

[Event "1st Bella Italia International 2022"]
[Site "Lignano"]
[Date "2022.08.22"]
[Round "8.17"]
[White "Sala, Giulia"]
[Black "Colonetti, Fabio"]
[Result "0-1"]
[ECO "B90"]
[WhiteElo "1958"]
[BlackElo "2152"]
[Annotator "TA"]
[PlyCount "58"]
[EventDate "2022.08.18"]
[EventCountry "ITA"]
[SourceTitle "playchess.com"]
[Source "ChessBase"]
[SourceQuality "1"]
[TimeControl "5400+30"]

1. e4 c5 2. Nf3 d6 3. d4 cxd4 4. Nxd4 Nf6 5. Nc3 a6 6. Be3 e5 7. Nb3 Be6 8. f3 Nbd7 9. Qd2 b5 10. g4 Nb6 (10... b4 $5 11. Nd5 Bxd5 12. exd5 Nb6 $14) 11. Qf2 {[%emt 0:14:11] B90: Sicilian Najdorf: Unusual White 6th moves, 6 Be3 Ng4 and 6 Be3 e5.} (11. g5 $14 Nfd7 12. h4) 11... Nc4 12. Bxc4 bxc4 13. Nd2 {[%emt 0:05:02] Black is slightly better.} Rb8 14. O-O-O Qa5 {[%emt 0:03:17] [#] Threatens to win with ...d5.} (14... Be7 $5 ) 15. Rdf1 $146 {[%emt 0:15:40][%mdl 8192] Black converts the advantage convincingly.} (15. Ndb1 $1 $11) ({Predecessor:} 15. Ndb1 d5 16. exd5 Nxd5 17. Nxd5 Bxd5 18. Bd2 Qc5 19. Qxc5 Bxc5 20. Rhe1 O-O 21. Be3 Bxe3+ 22. Rxe3 {1-0 (51) Khmelnitsky,S (2305)-Vajda,S (2355) Bucharest 1997}) 15... d5 $19 ({Not} 15... Qb4 $2 16. Nd1 $19) 16. exd5 Bxd5 (16... Nxd5 $19 {has better winning chances.} 17. Nxd5 (17. Nxc4 $2 Qb4 $19) 17... Bxd5) 17. g5 $2 {[%emt 0:18:22][%mdl 8192] [#]} (17. Ndb1 $17 {was called for.}) 17... Rxb2 $3 $40 {[%emt 0:13:19][%mdl 640] Black has strong attack.} 18. Ndb1 Ba3 {[%emt 0:07:54] Black is much more active. The white rooks are badly placed.} 19. Kd1 $2 (19. Nxa3 $17 Qxc3 20. Bc5) 19... Nh5 20. Bc1 {[%emt 0:02:40] [#]} (20. Qd2 $142 Be6 21. Ke2) 20... O-O $1 {[%emt 0:02:14][%cal Of8d8] aiming for ...Rd8!} 21. Bxb2 Bxb2 {[%emt 0:00:10] This bishop pair is nice.} 22. Qe3 Nf4 23. Rhg1 Rd8 24. Ke1 Be6 {[%emt 0:01:31] Hoping for ...Bf5.} 25. Rg3 $2 (25. Kf2 Bf5 26. Kg3) 25... Nd5 {[%emt 0:00:38] Black is clearly winning.} 26. Qxe5 Bxc3+ 27. Nxc3 Qxc3+ 28. Qxc3 Nxc3 29. f4 Rd1+ {[%emt 0:00:24] Weighted Error Value: White=0.99/Black=0.71} 0-1

[Event "1st Bella Italia International 2022"]
[Site "Lignano"]
[Date "2022.08.22"]
[Round "8.18"]
[White "Tencati, Giuseppe"]
[Black "Olabe Odriozola, Eduardo"]
[Result "1/2-1/2"]
[ECO "A88"]
[WhiteElo "2055"]
[BlackElo "1946"]
[Annotator "NA RC"]
[PlyCount "106"]
[EventDate "2022.08.18"]
[EventCountry "ITA"]
[SourceTitle "playchess.com"]
[Source "ChessBase"]
[SourceQuality "1"]
[TimeControl "5400+30"]

1. d4 f5 2. c4 g6 3. g3 Bg7 4. Bg2 Nf6 5. Nc3 d6 6. Nf3 O-O 7. O-O c6 8. d5 e5 9. dxe6 Bxe6 10. b3 Ne4 11. Nxe4 fxe4 12. Nd4 Bg4 13. Rb1 Qa5 14. h3 Bd7 15. a3 Na6 16. Bb2 e3 17. f4 Rae8 18. b4 Qd8 19. Nf3 Bxb2 20. Rxb2 Qf6 21. Qd4 b6 22. Rd1 c5 23. Qxf6 Rxf6 24. b5 Nc7 25. Ng5 Bf5 26. Bc6 Re7 27. Kg2 h6 28. Nf3 Be4 29. Bxe4 Rxe4 30. Rc2 d5 31. cxd5 Nxb5 32. Rd3 Rd6 33. a4 Rxa4 34. Rxe3 Rxd5 35. Re7 Nd4 36. Rd2 Nf5 37. Rxd5 Nxe7 38. Rd7 Kf7 39. Ne5+ Ke6 40. Rc7 Ra2 41. Kf2 a5 42. Rb7 Nd5 43. Ke1 g5 44. e4 gxf4 45. Nd3 Nc3 46. Rxb6+ Ke7 47. gxf4 Nxe4 48. Rxh6 c4 49. Ne5 c3 50. Rc6 Rh2 51. Kd1 Rxh3 52. Kc2 Rh1 53. Rc4 Nd6 1/2-1/2

[Event "1st Bella Italia International 2022"]
[Site "Lignano"]
[Date "2022.08.22"]
[Round "8.19"]
[White "Marson, Roy"]
[Black "Giraldi, Edoardo"]
[Result "0-1"]
[ECO "C00"]
[WhiteElo "1959"]
[BlackElo "1909"]
[Annotator "NA RC"]
[PlyCount "86"]
[EventDate "2022.08.18"]
[EventCountry "ITA"]
[SourceTitle "playchess.com"]
[Source "ChessBase"]
[SourceQuality "1"]
[TimeControl "5400+30"]

1. e4 c5 2. Nf3 e6 3. d3 Nc6 4. g3 d5 5. Nbd2 Nf6 6. Bg2 Be7 7. O-O Qc7 8. c3 b6 9. Re1 Bb7 10. Qc2 O-O-O 11. a3 h6 12. e5 Nd7 13. d4 c4 14. b3 cxb3 15. Nxb3 Ba6 16. Nfd2 Na5 17. Nxa5 bxa5 18. Qa4 Qxc3 19. Bb2 Nb6 20. Bxc3 Nxa4 21. Bxa5 Rd7 22. Rec1+ Kb8 23. Rab1+ Rb7 24. Rxb7+ Bxb7 25. Rc7 Bd8 26. Rxf7 Bxa5 27. Nb3 Bb6 28. Bh3 Nc3 29. Bxe6 Ne2+ 30. Kg2 Nxd4 31. Nxd4 Bxd4 32. f4 Bc5 33. Rd7 Bc8 34. Rxg7 Bxe6 35. Rg6 Bf5 36. Rf6 Be4+ 37. Kf1 d4 38. e6 Kc7 39. f5 Rf8 40. e7 Bxe7 41. Re6 Bd3+ 42. Ke1 Bxa3 43. f6 Bc4 0-1

[Event "1st Bella Italia International 2022"]
[Site "Lignano"]
[Date "2022.08.22"]
[Round "8.20"]
[White "Bordignon, Angelo"]
[Black "Montorsi, Matteo"]
[Result "1-0"]
[ECO "B07"]
[WhiteElo "2062"]
[BlackElo "2100"]
[Annotator "NA RC"]
[PlyCount "75"]
[EventDate "2022.08.18"]
[EventCountry "ITA"]
[SourceTitle "playchess.com"]
[Source "ChessBase"]
[SourceQuality "1"]
[TimeControl "5400+30"]

1. d4 Nf6 2. Bf4 g6 3. Nc3 c5 4. dxc5 Qa5 5. e4 Bg7 6. Qd2 Qxc5 7. f3 d6 8. O-O-O O-O 9. Bh6 Bxh6 10. Qxh6 Qh5 11. Qd2 Qa5 12. Kb1 Kg7 13. g4 Be6 14. h4 h5 15. gxh5 Nxh5 16. Nge2 Nc6 17. f4 b5 18. Qe3 Bc4 19. Nc1 Bxf1 20. Rdxf1 b4 21. N3e2 Qc5 22. Qd2 Rac8 23. Rfg1 Kh7 24. Rg5 Qf2 25. Nd3 Qf3 26. Rhg1 Rg8 27. f5 Ne5 28. Nd4 Qxe4 29. Nf2 Qf4 30. fxg6+ fxg6 31. Qe2 Qf7 32. Ne4 Rcf8 33. Rxe5 Qf4 34. Ng5+ Kh8 35. Rxe7 Ng7 36. Nde6 Qf6 37. Rxg7 Rxg7 38. Nxg7 1-0

[Event "1st Bella Italia International 2022"]
[Site "Lignano"]
[Date "2022.08.23"]
[Round "9.1"]
[White "Sonis, Francesco"]
[Black "Visakh N R"]
[Result "1/2-1/2"]
[ECO "A11"]
[WhiteElo "2543"]
[BlackElo "2503"]
[Annotator "TA"]
[PlyCount "134"]
[EventDate "2022.08.18"]
[EventCountry "ITA"]
[SourceTitle "playchess.com"]
[Source "ChessBase"]
[SourceQuality "1"]
[TimeControl "5400+30"]

1. Nf3 d5 2. g3 c6 3. Bg2 Bg4 4. c4 e6 5. O-O Nd7 6. d3 dxc4 {[%emt 0:00:10] A11: English Opening: 1...c6.} 7. dxc4 Ngf6 8. Be3 Bc5 9. Bxc5 Nxc5 10. b4 Qxd1 (10... Bxf3 $5 11. Bxf3 Nce4 $11) 11. Rxd1 {[%emt 0:00:03] [#]} Ncd7 $146 ({Predecessor:} 11... Na4 12. Ne5 Bxe2 13. Rd2 Bh5 14. Nxc6 Bg6 15. Na5 O-O 16. Bxb7 Rad8 17. Nc6 Rde8 {1-0 (34) Schlenter,R (1881)-Wloka,S (1842) Nordrheinwestfalen 2014}) 12. Nbd2 O-O-O 13. b5 Kc7 14. bxc6 bxc6 15. Nb3 e5 {[%emt 0:03:17] Against Nfd4} (15... Bxf3 $5 16. exf3 g5 $11) 16. h3 Bxf3 17. exf3 Rhe8 18. Re1 Rb8 19. Re3 Rb4 20. Rc1 Ra4 21. Rc2 Ra3 22. Bf1 Rb8 23. h4 Rb4 24. Bh3 a5 25. Re1 a4 26. Nd2 Rd3 27. g4 Rd4 28. g5 Rxh4 29. Kg2 (29. gxf6 Rxh3 30. fxg7 (30. Kg2 Rh6 $17) 30... Rb8 $15) 29... Nh5 {[%emt 0:08:33] Hoping for ...Nf4+.} 30. Bxd7 Kxd7 31. Rxe5 f6 32. gxf6 Nxf6 33. Ra5 Kc7 34. a3 Rb7 35. Kg3 Rd4 36. Rxa4 Nh5+ 37. Kh3 g5 ({Black should play} 37... Nf4+ $11 38. Kg3 Nh5+ 39. Kg2 Nf4+ 40. Kg3 Nh5+) 38. Ne4 $14 Rb1 (38... h6 $14) 39. Kg4 $1 $18 (39. Nxg5 Rh1+ 40. Kg2 Rdh4 $11) 39... Nf6+ {[%emt 0:01:04] [#]} 40. Kf5 $1 Nxe4 41. fxe4 {[%emt 0:00:02][%mdl 4096] Endgame KRR-KRR} Re1 42. Ra7+ (42. Kxg5 $6 Rexe4 43. f3 Re5+ 44. Kf6 Rh5 $11) 42... Kb6 {[%emt 0:00:14] [#]} (42... Kc8 $16) 43. Re7 $1 (43. Rxh7 Rdxe4 44. c5+ (44. Kxg5 Kc5 $16) 44... Kb5 $16) 43... Rd3 $2 (43... Kc5 44. Re5+ (44. Rxh7 Rexe4 45. Rh5 Rxc4 $14) 44... Kd6 45. c5+ Kc7) 44. c5+ Kb5 45. Rb7+ Ka4 46. Rcb2 Kxa3 47. R2b6 Rd4 48. e5 Re2 49. Ra6+ Ra4 50. Rxa4+ Kxa4 {[%emt 0:00:00] KR-KR} 51. e6 h5 52. Kxg5 $2 (52. e7 $18) 52... Rxe6 $11 {[%emt 0:00:03] The position is equal.} 53. f4 h4 $1 54. Rb1 ({Don't do} 54. Kxh4 $6 Re4 $16) 54... h3 55. Rh1 Kb4 56. f5 Re2 57. Rxh3 Kxc5 58. f6 Rf2 59. Kg6 Kd5 60. Rd3+ Ke5 61. f7 c5 62. Rd2 Rf3 63. Rg2 c4 64. Rg4 Ke6 65. Re4+ Kd5 66. Rh4 c3 67. Rh3 Rxf7 $1 {[%emt 0:00:10] Black defended with fortune.  Weighted Error Value: White=0.11 (very precise) /Black=0.12 (very precise)} (67... Rxh3 $2 68. f8=Q Rg3+ 69. Kh5 $18) 1/2-1/2

[Event "1st Bella Italia International 2022"]
[Site "Lignano"]
[Date "2022.08.23"]
[Round "9.2"]
[White "Aaron, Deepak"]
[Black "Ghosh, Diptayan"]
[Result "1/2-1/2"]
[ECO "E43"]
[WhiteElo "2221"]
[BlackElo "2538"]
[Annotator "TA"]
[PlyCount "45"]
[EventDate "2022.08.18"]
[EventCountry "ITA"]
[SourceTitle "playchess.com"]
[Source "ChessBase"]
[SourceQuality "1"]
[TimeControl "5400+30"]

1. d4 Nf6 2. c4 e6 3. Nc3 Bb4 4. Nf3 b6 5. e3 Bb7 6. Bd3 O-O 7. O-O Bxc3 8. bxc3 Ne4 9. Qc2 f5 $1 10. c5 {[%emt 0:00:11] E43: Nimzo-Indian: Rubinstein: 4...b6.} d6 11. cxd6 cxd6 12. Nd2 Nxd2 {[%emt 0:02:05] [#]} 13. Qxd2 $146 ({Predecessor:} 13. Bxd2 Qh4 14. f3 Nd7 15. Be1 Qe7 16. a4 a5 17. Rb1 Rac8 18. Bg3 Bd5 19. e4 {1-0 (44) Chatalbashev,B (2515)-Bogner,S (2573) Kragero 2022}) 13... Nd7 14. a4 a5 15. Ba3 Nf6 (15... Qg5 $2 16. f3 $16) 16. f3 Bc6 {[%emt 0:00:06] [#]} 17. Qa2 (17. e4 $1 $16) 17... Re8 18. Rfe1 (18. Bc1 $5 ) 18... Kh8 19. Qb3 Qd7 20. e4 ({Don't go for} 20. Qxb6 $2 Reb8 21. Qb1 Rxb1 $19) 20... fxe4 21. fxe4 Rab8 22. Bb5 (22. Bc1 $14) 22... Bxb5 $11 23. Qxb5 {[%emt 1:03:09] Weighted Error Value: White=0.11 (very precise) /Black=0.11 (very precise)} 1/2-1/2

[Event "1st Bella Italia International 2022"]
[Site "Lignano"]
[Date "2022.08.23"]
[Round "9.3"]
[White "Das, Sayantan"]
[Black "Karthik Venkataraman"]
[Result "1-0"]
[ECO "B52"]
[WhiteElo "2449"]
[BlackElo "2483"]
[Annotator "TA"]
[PlyCount "183"]
[EventDate "2022.08.18"]
[EventCountry "ITA"]
[SourceTitle "playchess.com"]
[Source "ChessBase"]
[SourceQuality "1"]
[TimeControl "5400+30"]

1. e4 c5 2. Nf3 d6 3. Bb5+ Bd7 4. c4 Nf6 5. Nc3 Nc6 6. O-O {[%emt 0:00:52] B52: Sicilian: Moscow Variation with 3...Bd7.} g6 7. Bxc6 Bxc6 8. d4 {[%emt 0:00:08] The position is equal.} cxd4 9. Nxd4 Bg7 10. Qd3 O-O 11. b3 Qa5 12. Bb2 {[%emt 0:03:58] [#]} a6 $146 ({Predecessor:} 12... Rfc8 13. Rfd1 Qh5 14. f3 Be8 15. Rab1 a6 16. a4 Rc7 17. Nde2 Rb8 18. Nf4 Qc5+ {1-0 (66) Okhai,S (2082)-Ogunshola,B (2184) Basingstoke 2019}) 13. Rfe1 Rfe8 14. Nd5 Nd7 15. Qh3 (15. Bc3 $14 {should be considered.} Qd8 16. Qd2 (16. Nxc6 bxc6 17. Nb4 Qb6 $11)) 15... e6 $11 16. Nxc6 bxc6 17. Bxg7 {[%emt 0:00:10] The board is on fire.} Kxg7 18. b4 Qd8 19. Qc3+ e5 20. Ne3 Qc7 21. Qd2 a5 22. a3 axb4 23. axb4 Rxa1 24. Rxa1 Rb8 25. Rd1 Nf8 (25... Nf6 $5 ) 26. h4 {[%emt 0:11:25] White wants to play Ng4.} h5 {[%emt 0:05:06] Inhibits Ng4.} 27. Qxd6 Qxd6 28. Rxd6 Rxb4 29. Rxc6 {[%emt 0:18:03][%mdl 4096] Endgame KRN-KRN} Rb1+ 30. Kh2 Rb2 31. Kg3 Ne6 {[%emt 0:00:20] Inhibits Rc5.} 32. Nd5 Re2 33. f3 Rc2 34. Rc8 Rc1 35. Kf2 Rc2+ 36. Kg3 Rc1 37. Ne3 Rc3 $1 38. Kf2 Kh7 39. Ra8 Nf4 $1 40. Rd8 Rb3 ({Better is} 40... Kg7 $11) 41. Rd2 $14 Nd3+ 42. Kf1 Kg7 43. Nd5 f5 44. exf5 gxf5 45. Ke2 Nc5 46. Ra2 f4 47. Rd2 (47. Kd2 $1 $16) 47... Kf7 $11 48. Kf2 Ke6 49. Nc7+ Kf5 50. Nb5 Nd3+ 51. Ke2 Nc5 (51... Nb2 $1 $11) 52. Kf2 (52. Rd5 $16 {Strongly threatening Nd4+.} Ne6 53. Nd6+ Kf6 54. Ne4+ Kf5 55. Rd6) 52... Nd3+ $14 53. Ke2 (53. Kg1 $14) 53... Nc5 $16 54. Rd5 $1 {[%emt 0:01:16] Black must now prevent Nd4+.} Rb2+ 55. Kf1 $1 Nb3 56. Nd6+ Ke6 57. Ne4 Nd4 $2 {[%emt 0:01:53] Black cannot hold the game after this.} (57... Rc2 $16 58. Rd6+ Ke7) 58. Nc5+ $1 $18 Kf6 (58... Kf5 $2 59. Rxe5+ $3 Kf6 60. Nd7+ (60. Rxh5 Nf5 $18) 60... Kg6 61. Rg5+ Kh6 62. c5 $18) 59. Nd7+ Kg7 60. Rxe5 Nc2 61. Kg1 Ne3 62. Rg5+ ({Less strong is} 62. Rxh5 Rb1+ 63. Kf2 Rb2+ 64. Ke1 Nxg2+ 65. Kf1 Ne3+ 66. Ke1 (66. Kg1 Rb1+ 67. Kh2 Rb2+ 68. Kh3 Rb1 $14) 66... Ng2+ 67. Kd1 Ne3+ 68. Ke1 Nxc4 $14) 62... Kf7 63. Ne5+ {[%emt 0:00:16] White is clearly winning.} Kf6 64. Nd3 Rb1+ {[%emt 0:00:07] [#]} 65. Kf2 $1 Nf5 66. Nxf4 Rb2+ 67. Kg1 Nxh4 68. Rxh5 Nf5 69. Nd5+ Kg6 70. Rh8 Rc2 71. Rg8+ Kf7 72. Rg4 Rc1+ 73. Kf2 Rc2+ 74. Ke1 Ke6 (74... Ng7 $142 75. Rf4+ Ke6) 75. Re4+ Kd6 76. Re2 Rc1+ 77. Kf2 Nd4 78. Rd2 Nb3 79. Rb2 Nc5 {[%emt 0:00:04] And now ...Nd3+ would win.} 80. Rb6+ Ke5 81. Ne3 Ra1 82. Rb8 Nd3+ 83. Kg3 Ra7 84. Rd8 Nb4 85. c5 Rc7 86. Ng4+ Ke6 87. Rd4 Nc6 88. Rd6+ Ke7 89. Ne3 {[%emt 0:00:15] Threatens to win with Nd5+.} Rc8 90. Nd5+ Kf7 91. Nb6 Rg8+ 92. Kh2 {[%emt 0:00:36] Weighted Error Value: White=0.18 (very precise) /Black=0.15 (very precise)} 1-0

[Event "1st Bella Italia International 2022"]
[Site "Lignano"]
[Date "2022.08.23"]
[Round "9.4"]
[White "Cappelletto, Joshuaede"]
[Black "Bommini Mounika Akshaya"]
[Result "1/2-1/2"]
[ECO "C24"]
[WhiteElo "2266"]
[BlackElo "2107"]
[Annotator "NA RC"]
[PlyCount "51"]
[EventDate "2022.08.18"]
[EventCountry "ITA"]
[SourceTitle "playchess.com"]
[Source "ChessBase"]
[SourceQuality "1"]
[TimeControl "5400+30"]

1. e4 e5 2. Bc4 Nf6 3. d3 c6 4. Nf3 d5 5. Bb3 Bb4+ 6. c3 Bd6 7. O-O O-O 8. Re1 dxe4 9. dxe4 Na6 10. Nbd2 b5 11. a4 Nc5 12. Bc2 a5 13. Nf1 Nxa4 14. Bxa4 bxa4 15. Qxa4 Bd7 16. Bg5 h6 17. Bh4 Qc7 18. Bxf6 gxf6 19. Nh4 Kh7 20. Ng3 Rg8 21. Re3 Rg4 22. Nhf5 Bc5 23. Rf3 Rf4 24. Rxf4 exf4 25. Nh5 Qe5 26. Rd1 1/2-1/2

[Event "1st Bella Italia International 2022"]
[Site "Lignano"]
[Date "2022.08.23"]
[Round "9.5"]
[White "Zeller, Frank"]
[Black "Player, Edmund C"]
[Result "0-1"]
[ECO "C16"]
[WhiteElo "2356"]
[BlackElo "2202"]
[Annotator "TA"]
[PlyCount "84"]
[EventDate "2022.08.18"]
[EventCountry "ITA"]
[SourceTitle "playchess.com"]
[Source "ChessBase"]
[SourceQuality "1"]
[TimeControl "5400+30"]

1. e4 e6 2. d4 d5 3. Nc3 Bb4 4. e5 Ne7 5. a3 Bxc3+ 6. bxc3 b6 7. Qg4 Ng6 8. h4 h5 9. Qg3 Ba6 10. Bxa6 Nxa6 11. a4 {[%emt 0:20:31] C16: French: 3 Nc3 Bb4 4 e5: Lines without ...c5.} Nb8 12. Bg5 Qc8 13. Ne2 {[%emt 0:01:14] White is slightly better.} Qa6 {[%emt 0:07:20] [#]} (13... c5 $14) 14. Qf3 $146 (14. f4 $16) ({Predecessor:} 14. Qe3 c5 15. f4 Nc6 16. dxc5 Qc4 17. cxb6 axb6 18. Qd3 Rxa4 19. Qxc4 Rxc4 20. Ra8+ {½-½ (43) Das,A (2484)-Arizmendi Martinez,J (2572) Lille 2013}) 14... c5 $11 15. O-O Nc6 16. Ng3 (16. Qe3 $11 {keeps the balance.}) 16... cxd4 $17 17. Nxh5 Rh7 (17... Ngxe5 18. Nxg7+ Kd7 19. Qf6 $16) 18. Rfe1 (18. cxd4 $2 Nxd4 19. Qg4 Qc4 $19) 18... dxc3 (18... Ncxe5 19. Nxg7+ $1 Rxg7 20. Qf6 $18) 19. a5 (19. Nf4 $17 {is a better defense.}) 19... b5 (19... Ngxe5 20. Nxg7+ Rxg7 21. Qf6 Rxg5 22. Qxg5 $11) (19... Nxa5 20. Ng3 $17) (19... Ncxe5 $2 20. Nxg7+ $1 Rxg7 21. Qf6 $18) 20. Rad1 (20. Qe2 $17) 20... b4 $19 (20... Qxa5 21. Rxd5 exd5 22. Nxg7+ Kf8 23. e6 $15) (20... Ncxe5 21. Nxg7+ Kf8 22. Qf6 $18 (22. Nxe6+ Qxe6 23. Qxd5 Re8 $17)) 21. Rxd5 exd5 22. e6 Nge5 {[%emt 0:04:45] [#]} (22... f6 23. Bxf6 $1 gxf6 24. Nxf6+ Kd8 25. Nxh7 (25. Qxd5+ $2 Kc7 $19) 25... Qxa5 26. Qf6+ (26. Qf7 Nge7 $11) 26... Nge7 27. Qh8+ Kc7 28. Qxa8 $11) ({Black should play} 22... Nce5 $1 $19 23. Rxe5 (23. exf7+ $2 Kf8 $19) 23... Nxe5 24. Qxd5 Qc6 $1 25. Qxe5 (25. exf7+ $2 Kf8 $19) 25... fxe6 26. Nxg7+ Kd7) 23. Qxd5 f6 (23... Rxh5 $2 24. Rxe5 Qc8 25. exf7+ Kf8 26. Re8+ Qxe8 27. fxe8=Q+ Rxe8 28. Qxc6 $18) (23... Qxa5 $2 24. exf7+ Kf8 25. Be7+ $1 Nxe7 26. Qxa5 Rxh5 27. Rxe5 (27. Qxb4 N5c6 $11) 27... Rxe5 28. Qxe5 $18) 24. Bxf6 $2 {[%emt 0:04:25] White is on the road to losing.} gxf6 (24... Rxh5 {gets mated.} 25. Rxe5 Rd8 26. Rxh5) 25. Nxf6+ {[%emt 0:00:22] [#]} Ke7 $1 26. Qe4 $2 {[%emt 0:04:40] [#]} (26. Nxh7 Qxa5 27. Rxe5 (27. Qxa5 $2 Nxa5 28. Rxe5 b3 $19) 27... Qxd5 28. Rxd5) 26... Kxf6 $1 27. Qxh7 Qc4 28. f4 Qd4+ 29. Kh1 Qxf4 {[%emt 0:00:15] aiming for ...b3.} 30. Kg1 Kxe6 {[%emt 0:00:53] Threatens to win with ...Rf8.} 31. Qg6+ Qf6 32. Qe4 Kd7 {[%emt 0:00:41] Strongly threatening ...Rf8.} 33. Qh7+ Qe7 34. Qf5+ Kc7 {[%emt 0:00:03][%cal Oe5f3] ( -> ...Nf3+!)} 35. Qe4 {[%emt 0:00:36] Inhibits Nf3+.} Rf8 36. a6 Qf6 37. Kh1 Qf5 (37... Qf2 $142 38. Re3 Rf4 39. Qh7+ Nd7 40. Rd3 Rxh4+ 41. Qxh4 Qxh4+ 42. Rh3 Qf2 43. Kh2 Qxc2 44. Rh5 b3 45. Rg5 Qh7+ 46. Kg3 c2 47. Rb5 c1=Q 48. Rb7+ Kd8 49. Rxb3 Qe1+ 50. Kg4 Qhe4+ 51. Kh5 Q1h4#) 38. Qd5 Rd8 39. Qb5 Rb8 40. Qc5 {[%emt 0:00:23] [#]} Qf8 $1 41. Qe3 (41. Qxf8 Rxf8) 41... Qf6 42. Qe4 Rh8 {[%emt 0:00:13] Weighted Error Value: White=1.07/Black=0.36} 0-1